 Dungeon Crawl Stone Soup version 0.24.0-123-gd5b16e6ec5 (webtiles) character file.

Game seed: 9384729192619090681, levelgen mode: deterministic

0 glosham the Skirmisher (level 1, -2/18 HPs)
             Began as a Mummy Abyssal Knight on Jan 12, 2020.
             Was a Follower of Lugonu.
             Slain by a small abomination (7 damage)
             ... on level 1 of the Abyss.
             The game lasted 00:01:12 (66 turns).

glosham the Skirmisher (Mummy Abyssal Knight)         Turns: 66, Time: 00:01:12

Health: -2/18      AC:  3    Str: 15    XL:     1   Next: 0%
Magic:  2/2        EV: 11    Int: 11    God:    Lugonu [*.....]
Gold:   0          SH:  0    Dex: 11    Spells: 0/0 levels left

rFire    x . .     SeeInvis .   a - +1 hand axe
rCold    + . .     Gourm    .   (no shield)
rNeg     + + +     Faith    .   b - +0 leather armour
rPois    ∞         Spirit   .   (no helmet)
rElec    .         Reflect  .   (no cloak)
rCorr    .         Harm     .   (no gloves)
MR       .....                  (no boots)
Stlth    +.........             (no amulet)
HPRegen  0.06/turn              (no ring)
MPRegen  0.08/turn              (no ring)

@: no status effects
A: no food or potions, fire vulnerability, cold resistance 1, negative energy
resistance 3, torment resistance, unbreathing
a: Depart the Abyss, Renounce Religion


You were on level 1 of the Abyss.
You worshipped Lugonu.
Lugonu was aware of your devotion.
You were not hungry.

You visited 0 branches of the dungeon, and saw 0 of its levels.
You visited the Abyss 1 time.

Inventory:

Hand Weapons
 a - a +1 hand axe (weapon)
Armour
 b - a +0 leather armour (worn)


   Skills:
 - Level 3.0 Fighting
 * Level 1.5 Axes
 - Level 1.5 Armour
 - Level 0.7 Dodging
 - Level 1.5 Invocations


You couldn't memorise any spells.
You didn't know any spells.
Your spell library was empty.

Dungeon Overview and Level Annotations

Branches:
Dungeon (0/15)

Altars:


Innate Abilities, Weirdness & Mutations

You do not eat or drink.
Your flesh is vulnerable to fire.
You are immune to poison.
Your flesh is cold resistant. (rC+)
You are immune to negative energy. (rN+++)
You are immune to unholy pain and torment.
You can survive without breathing.


Message History

Welcome, glosham the Mummy Abyssal Knight.
Will you prevail where others failed? Will you find the Orb of Zot?
Lugonu says: Depart the Abyss and spread corruption, my servant! (use the ability menu to exit the Abyss) Press ? for a list of commands and other information.
Found a corrupted altar of Lugonu.
You enter the shallow water.
Moving in this stuff is going to be slow.
Found a ration.
Found a corrupted altar of Lugonu.
Found a gateway leading out of the Abyss.
Found a hand axe.
A small abomination comes into view.
A small abomination comes into view.
Found a ration.
Unknown command.
A tentacled starspawn comes into view.
The small abomination closely misses you.
The small abomination hits you but does no damage.
The small abomination closely misses you.
A large abomination comes into view.
A tentacle flies out from the starspawn's body!
The small abomination hits you!
Ouch! That really hurt!
* * * LOW HITPOINT WARNING * * *
A starspawn tentacle comes into view.
Unknown command.
A starspawn tentacle comes into view.
Tentacles burst from the starspawn's body!
The small abomination hits you!
You die...

.# .#..# ###. # # .. # #
..#. # ## #...#### # . .
#§.#... # #. .####
.....# # . # ..##....#.#
## .#..# .#.#.#...# .
.#...####.##..@#.## ..
...#..#.##..x#...#.
.#X## #.#....#.x......#
%....# #.ww.....#......#
.#.#.####X.....#.....###
#.. #.##X##...#.....##
.##.w..#.#.X##...##
#..##.w###.#....#.##
.#..#.#..##..#.# ..#


You could see a tentacled starspawn, a large abomination, 2 small abominations
and 2 starspawn tentacles.

Vanquished Creatures (others)
  2 starspawn tentacles (Abyss:1)
2 creatures vanquished.

Notes
Turn   | Place    | Note
-------+----------+-------------------------------------------
     0 | Abyss:1  | glosham the Mummy Abyssal Knight began the quest for the
                  | Orb.
     0 | Abyss:1  | Reached XP level 1. HP: 18/18 MP: 2/2
     2 | Abyss:1  | Found a corrupted altar of Lugonu.
    37 | Abyss:1  | Noticed a small abomination
    44 | Abyss:1  | Noticed a small abomination
    52 | Abyss:1  | Noticed a tentacled starspawn
    59 | Abyss:1  | Noticed a large abomination
    66 | Abyss:1  | Slain by a small abomination

Levels and vault maps discovered:
Abyss:1:  hangedman_abyss_or_decor_stagger

Action                   || total
-------------------------++-------
Armor: Leather armour    ||     1
Dodge: Dodged            ||     2

Table legend:
 A = Turns spent in this place as a percentage of turns spent in the entire game.
 B = Non-inter-level travel turns spent in this place as a percentage of non-inter-level travel turns spent in the entire game.
 C = Inter-level travel turns spent in this place as a percentage of turns spent in this place.
 D = Turns resting spent in this place as a percentage of non-inter-level travel turns spent in this place.
 E = Turns spent auto-exploring this place as a percentage of non-inter-level travel turns spent in this place.
 F = Non-inter-level travel turns spent in this place divided by the number of levels of this place that you've seen.
                   A       B       C       D       E      F
               +-------+-------+-------+-------+-------+----------------------
         Total | 100.0 | 100.0 |   0.0 |   0.0 |   0.0 |  66.0
         Abyss | 100.0 | 100.0 |   0.0 |   0.0 |   0.0 |  66.0
               +-------+-------+-------+-------+-------+----------------------

Levels and vault maps discovered:
Abyss:1:  hangedman_abyss_or_decor_stagger
